 Dungeon Crawl Stone Soup version 0.29.1-1-gd02db6906a (webtiles) character file.

Game seed: 8072326891211448184

10212 sapphirevixen the Fighter (level 11, -2/190 HPs)
             Began as an Ogre Berserker on Sept 27, 2022.
             Was a High Priest of Trog.
             Slain by a wyvern (9 damage)
             ... on level 11 of the Dungeon.
             The game lasted 00:28:20 (15454 turns).

sapphirevixen the Fighter (Ogre Berserker)         Turns: 15454, Time: 00:28:21

Health: -2/190     AC:  9    Str: 23    XL:     11   Next: 58%
Magic:  11/11      EV: 15    Int:  8    God:    Trog [*****.]
Gold:   666        SH:  0    Dex: 18    Spells: 10/10 levels left

rFire   . . .      SeeInvis .   y - +0 giant club
rCold   . . .      Faith    .   (shield currently unavailable)
rNeg    + . .      Spirit   .   J - +1 troll leather armour
rPois   .          Reflect  .   a - +2 hat {Stlth+}
rElec   .          Harm     .   z - +0 cloak {Stlth+}
rCorr   .          Rampage  .   (gloves unavailable)
Will    +....                   (boots unavailable)
Stlth   ..........              (no amulet)
HPRegen 1.21/turn               d - +6 ring of dexterity
MPRegen 0.12/turn               s - ring of positive energy

@: berserking (expiring), very quick
A: large, unfitting armour, tough skin 1
a: Renounce Religion, Berserk, Trog's Hand, Brothers in Arms


You were on level 11 of the Dungeon.
You worshipped Trog.
Trog was extremely pleased with you.
You visited 1 branch of the dungeon, and saw 11 of its levels.
You also visited: Sewer.

You collected 770 gold pieces.
You spent 104 gold pieces at shops.

Inventory:

Hand Weapons
 m - the +9 shortbow of the Lesser Evil {freeze, *Corrode rPois Str+9 Int+4}
   (You found it on level 2 of the Dungeon)

   Any ammunition fired from it freezes those it strikes, dealing additional
   cold damage.
   It can also slow down cold-blooded creatures.
   Str:       It affects your strength (+9).
   Int:       It affects your intelligence (+4).
   rPois:     It protects you from poison.
   *Corrode:  It may corrode you when you take damage.
 y - a +0 giant club (weapon)
Missiles
 r - a throwing net (quivered)
Armour
 a - a +2 hat of stealth (worn)
 z - a +0 cloak of stealth (worn)
 J - a +1 troll leather armour (worn)
Jewellery
 d - a +6 ring of dexterity (left hand)
 s - a ring of positive energy (right hand)
 u - an amulet of regeneration
 A - a ring of magical power
 D - a ring of magical power
Wands
 h - a wand of polymorph (8)
 p - a wand of digging (6)
 q - a wand of acid (9)
 v - a wand of roots (11)
 C - a wand of flame (16)
Scrolls
 b - 2 scrolls of enchant weapon
 e - 4 scrolls of poison
 j - 2 scrolls of fear
 t - a scroll of teleportation
 x - 2 scrolls of butterflies
 B - a scroll of summoning
 F - a scroll of identify
Potions
 c - 2 potions of degeneration {unknown}
 f - 3 potions of heal wounds
 g - 2 potions of haste {unknown}
 i - 3 potions of flight {unknown}
 k - 2 potions of magic {unknown}
 l - 6 potions of might {unknown}
 n - a potion of ambrosia {unknown}
 o - 6 potions of curing
 w - 2 potions of brilliance {unknown}
 E - a potion of lignification {unknown}
 H - a potion of attraction {unknown}
 I - a potion of berserk rage {unknown}


   Skills:
 + Level 13.2 Fighting
 + Level 9.4 Maces & Flails
 + Level 9.4 Dodging
 + Level 5.0 Stealth


You had 10 spell levels left.
You didn't know any spells.
Your spell library was empty.

Dungeon Overview and Level Annotations

Branches:
Dungeon (11/15)            Temple (0/1) D:5            Lair (0/5) D:11
    Orc (0/2) D:11          Sewer (visited)

Altars:
Cheibriados
Elyvilon
Fedhas
Gozag
Okawaru
Uskayaw
Wu Jian
Yredelemnul
Zin

Shops:
D:9 !


Innate Abilities, Weirdness & Mutations

You are too large for most types of armour.
You have tough skin. (AC +1)


Message History

The wolf bites you but does no damage.
A boulder beetle comes into view.
The wyvern bites you but does no damage.
You hit the cyclops.
The cyclops is severely wounded.
The wolf barely misses you. The wyvern barely misses you.
The cyclops barely misses you.
You sock the cyclops!
The cyclops is almost dead.
The wolf closely misses you. The wyvern barely misses you. The wolf bites you.
A yak comes into view.
You barely miss the cyclops.
The cyclops is almost dead.
The wyvern bites you but does no damage.
The wolf bites you. The cyclops hits you!!
* * * LOW HITPOINT WARNING * * *
You sock the cyclops!
You kill the cyclops!
Trog accepts your kill.
The sentinel's mark upon you fades away.
The wyvern completely misses you. The wolf bites you!
* * * LOW HITPOINT WARNING * * *
The wyvern bites you.
* * * LOW HITPOINT WARNING * * *
The wolf barely misses you.
Your Stealth skill increases to level 5!
You barely miss the yak.
A yak comes into view.
The wolf bites you but does no damage. The wyvern barely misses you.
You bludgeon the yak!!
The yak is heavily wounded.
The wolf bites you.
* * * LOW HITPOINT WARNING * * *
The wyvern bites you!
* * * LOW HITPOINT WARNING * * *
You bludgeon the yak!!
You kill the yak!
Trog accepts your kill. The wolf misses you. The wyvern bites you!
You die...

... h~~ ... .....~ #.#
..SS~≈~ # #.#
#..........
###.#####.####..~~≈~~~~.
#.....h@#.......~≈≈≈≈~..
#.....l(#.}......~≈≈≈.≈≈
#......YY........~~~.~≈≈
#.......##........~..~~~
#.......##......~......~
#.......##..............
##########...^..####.#..
######## #.#.. #....


You could see 2 yaks, a wyvern and a wolf.

Vanquished Creatures
  Gastronok (D:8)
  2 two-headed ogres (D:9)
  Pikel (D:4)
  2 cyclopes (D:11)
  Maurice (D:11)
  A gargoyle (D:10)
  A kobold demonologist (D:10)
  2 trolls
  Sigmund (D:3)
  A wraith (D:9)
  A yak (D:11)
  A steam dragon (D:9)
  Grum (D:8)
  2 vampire mosquitoes (D:9)
  2 water moccasins (D:7)
  3 orc warriors
  Pargi (Sewer)
  A sky beast (D:6)
  3 ice beasts (D:6)
  4 wolves
  An ogre (D:6)
  2 centaurs (D:8)
  2 kobold brigands (D:8)
  A gnoll sergeant (D:9)
  4 scorpions
  2 necrophages
  A wyvern zombie (D:6)
  17 wights
  3 killer bees (D:9)
  2 howler monkeys (D:9)
  A bullfrog zombie (D:6)
  8 hounds
  5 orc priests
  Crazy Yiuf (D:6)
  5 jellies
  A gnoll bouda (D:8)
  An iron imp (D:9)
  Terence (D:2)
  Jessica (D:3)
  5 iguanas (D:5)
  10 orc wizards
  12 gnolls
  5 adders
  2 shadow imps (D:6)
  5 white imps
  An ufetubus (D:6)
  A worm (D:4)
  41 orcs
  8 ball pythons
  3 bats
  An endoplasm (D:3)
  7 giant cockroaches
  6 goblins
  5 hobgoblins
  4 quokkas
  2 frilled lizards (D:1)
  22 kobolds
  8 rats
239 creatures vanquished.

Notes
Turn   | Place    | Note
-------+----------+-------------------------------------------
     0 | D:1      | sapphirevixen the Ogre Berserker began the quest for the
                  | Orb.
     0 | D:1      | Reached XP level 1. HP: 24/24 MP: 1/1
   399 | D:1      | Reached XP level 2. HP: 32/32 MP: 2/2
   486 | D:1      | Found a faded altar of an unknown god.
   787 | D:1      | Reached XP level 3. HP: 32/40 MP: 3/3
  1103 | D:2      | Identified the +9 shortbow of the Lesser Evil {freeze,
                  | *Corrode rPois Str+9 Int+4}
  1179 | D:2      | Noticed Terence
  1195 | D:2      | Killed Terence
  1544 | D:2      | Found an opulent altar of Gozag.
  1563 | D:2      | Reached XP level 4. HP: 41/49 MP: 4/4
  1772 | D:3      | Noticed Jessica
  1782 | D:3      | Reached ** piety under Trog
  1783 | D:3      | Killed Jessica
  1784 | D:3      | Reached skill level 5 in Fighting
  1790 | D:3      | Reached XP level 5. HP: 55/57 MP: 5/5
  1968 | D:3      | Noticed Sigmund
  1984 | D:3      | Killed Sigmund
  1985 | D:3      | Reached skill level 6 in Fighting
  1985 | D:3      | Reached XP level 6. HP: 53/67 MP: 6/6
  2007 | D:3      | HP: 2/67 [orc/sling bullet (7)]
  3173 | D:3      | HP: 3/67 [poisoned by a gnoll]
  4009 | D:4      | Noticed Pikel
  4030 | D:4      | Killed Pikel
  4031 | D:4      | Reached skill level 7 in Fighting
  4031 | D:4      | Reached skill level 5 in Maces & Flails
  4031 | D:4      | Reached skill level 5 in Dodging
  4031 | D:4      | Reached XP level 7. HP: 12/79 MP: 7/7
  4031 | D:4      | Reached XP level 8. HP: 13/88 MP: 8/8
  4541 | D:4      | Found an ornate altar of the Wu Jian Council.
  4583 | D:4      | Found an iron altar of Okawaru.
  4763 | D:4      | Found a glowing silver altar of Zin.
  4787 | D:4      | Reached skill level 8 in Fighting
  5114 | D:5      | Entered Level 5 of the Dungeon
  5704 | D:4      | HP: 4/84 [poisoned by an orc]
  6232 | D:5      | Reached skill level 9 in Fighting
  6255 | D:5      | Found a staircase to the Ecumenical Temple.
  6433 | D:6      | Found a runed translucent door.
  6434 | D:6      | Noticed Crazy Yiuf
  6514 | D:6      | Reached *** piety under Trog
  6515 | D:6      | Reached XP level 9. HP: 31/100 MP: 9/9
  6586 | D:6      | Found a glowing drain.
  6596 | Sewer    | Entered a sewer
  6840 | Sewer    | Noticed Pargi
  6850 | Sewer    | Killed Pargi
  7170 | D:6      | Found a white marble altar of Elyvilon.
  7172 | D:6      | Found a hide-covered altar of Uskayaw.
  7534 | D:6      | Reached skill level 10 in Fighting
  7867 | D:6      | Found a basalt altar of Yredelemnul.
  7936 | D:6      | Killed Crazy Yiuf
  9123 | D:8      | Noticed Grum
  9143 | D:8      | Killed Grum
  9144 | D:8      | Reached skill level 1 in Stealth
  9515 | D:8      | Reached skill level 11 in Fighting
  9515 | D:8      | Reached XP level 10. HP: 88/111 MP: 10/10
  9614 | D:8      | Noticed Gastronok
  9626 | D:8      | Killed Gastronok
  9630 | D:8      | Reached **** piety under Trog
  9711 | D:8      | Found a blossoming altar of Fedhas.
 11446 | D:8      | HP: 5/111 [poisoned by a gnoll sergeant]
 11856 | D:8      | HP: 5/112 [poisoned by a gnoll sergeant]
 12262 | D:9      | Found Maghedeopt's Distillery.
 12270 | D:9      | Bought a potion of heal wounds for 65 gold pieces
 12270 | D:9      | Bought a potion of curing for 39 gold pieces
 12696 | D:9      | Noticed a two-headed ogre
 12702 | D:9      | Killed a two-headed ogre
 12703 | D:9      | Reached skill level 12 in Fighting
 12843 | D:9      | Found a snail-covered altar of Cheibriados.
 13016 | D:9      | Noticed a two-headed ogre
 13030 | D:9      | Killed a two-headed ogre
 13031 | D:9      | Reached XP level 11. HP: 82/124 MP: 11/11
 13536 | D:9      | You fall into a shaft and drop 1 floor!
 13536 | D:10     | Entered Level 10 of the Dungeon
 15283 | D:11     | Found a staircase to the Orcish Mines.
 15304 | D:11     | Reached ***** piety under Trog
 15312 | D:11     | Noticed a cyclops
 15323 | D:11     | Killed a cyclops
 15348 | D:11     | Noticed Maurice
 15379 | D:11     | Killed Maurice
 15380 | D:11     | Reached skill level 13 in Fighting
 15404 | D:11     | Found a staircase to the Lair.
 15441 | D:11     | Noticed a cyclops
 15447 | D:11     | Noticed a boulder beetle
 15451 | D:11     | Killed a cyclops
 15452 | D:11     | Reached skill level 5 in Stealth
 15453 | D:11     | HP: 6/190 [wyvern (16)]
 15454 | D:11     | Slain by a wyvern

Illustrated notes

Levels and vault maps discovered:
D:1:      dpeg_arrival_houses_and_road, layout_loops_ring,
          dreamdust_ecumenical_altar_angels_and_demons
D:2:      layout_rooms, basic_altar, uniq_terence
D:3:      layout_rooms, uniq_sigmund, uniq_jessica
D:4:      layout_loops_corners, zin_scriptorium,
          mainiacjoe_overflow_large_starburst, uniq_pikel
D:5:      layout_rooms, minmay_temple_entry_offerings, roderic_three_in_a_row
D:6:      layout_gridville, elyvilon_altar_5, overflow_temple_1_default,
          lemuel_zombie_altar_yredelemnul, portal_sewer_entry_d,
          grunt_tough_drop, uniq_crazy_yiuf_cottage
D:7:      layout_cave_pools, serial_column_ruins, column_ruins_open_tiny,
          column_ruins_grid_1, column_ruins_grid_3, column_ruins_grid_3
D:8:      layout_basic, mainiacjoe_overflow_tiny_flanked,
          kennysheep_generic_room_5, uniq_grum, uniq_gastronok
D:9:      layout_layer_cave, slow_altar_1, serial_shops, shop_statue
D:10:     layout_big_octagon, minmay_misc_feat_five
D:11:     layout_basic, erik_lair_island, david_orc_2, enter_trove_3,
          gauntlet_entry_generic, minivault_16, uniq_maurice

Skill      XL: |  1  2  3  4  5  6  7  8  9 10 11 |
---------------+----------------------------------+-----
Dodging        | 3 4 5 6 7 8 9 |  9.4
Maces & Flails | 3 4 5 6 7 8 9 |  9.4
Fighting       | 5 6 7 9 11 12 13 | 13.2
Stealth        | 1 4 5 |  5.0

Action                   |  1- 3 |  4- 6 |  7- 9 | 10-12 || total
-------------------------+-------+-------+-------+-------++-------
Melee: Mace              |    85 |   114 |       |       ||   199
       Punch             |       |     2 |     4 |       ||     6
       Morningstar       |       |       |   141 |       ||   141
       Whip              |       |       |    66 |       ||    66
       Giant club        |       |       |    97 |   288 ||   385
Invok: Berserk           |     1 |     2 |     1 |     1 ||     5
       Trog's Hand       |       |       |     1 |     1 ||     2
  Use: Scroll            |       |     5 |     2 |     5 ||    12
       Potion            |       |     1 |     1 |     1 ||     3
 Stab: Sleeping          |       |     2 |     1 |    10 ||    13
       Distracted        |       |       |     1 |     1 ||     2
Armor: Animal skin       |    36 |    37 |       |       ||    73
       Robe              |       |       |    71 |    62 ||   133
       Troll leather arm |       |       |       |    46 ||    46
Dodge: Dodged            |    58 |   105 |   194 |   329 ||   686
